 Dungeon Crawl Stone Soup version 0.30-a0-782-ge64f9170bb (webtiles) character file.

Game seed: 11531992040537645398

37 Dartaoz the Shooter (level 3, -1/30 HPs)
             Began as a Minotaur Hunter on Feb 18, 2023.
             Slain by Crazy Yiuf
             ... wielding a +4 quarterstaff of chaos
              (9 damage)
             ... on level 2 of the Dungeon.
             The game lasted 00:03:34 (1490 turns).

Dartaoz the Shooter (Minotaur Hunter)               Turns: 1490, Time: 00:03:35

Health: -1/30      AC:  4    Str: 15    XL:     3   Next: 23%
Magic:  2/2        EV: 12    Int:  6    God:
Gold:   44         SH:  0    Dex: 15    Spells: 2/2 levels left

rFire   . . .      SeeInvis .    a - +0 shortbow
rCold   . . .      Faith    .    (shield currently unavailable)
rNeg    . . .      Spirit   .    c - +0 leather armour
rPois   .          Reflect  .    (helmet restricted)
rElec   .          Harm     .    (no cloak)
rCorr   .          Rampage  .    d - +0 pair of gloves
Will    .....                    (no boots)
Stlth   +                        (no amulet)
HPRegen 0.25/turn                (no ring)
MPRegen 0.08/turn                (no ring)

@: no status effects
A: horns 2, retaliatory headbutt
a: no special abilities


You were on level 2 of the Dungeon.
You visited 1 branch of the dungeon, and saw 2 of its levels.

You collected 96 gold pieces.
You spent 52 gold pieces at shops.

Inventory:

Hand Weapons
 a - a +0 shortbow (weapon)
Armour
 c - a +0 leather armour (worn)
 d - a +0 pair of gloves (worn)
Jewellery
 l - a ring of ice
Wands
 j - a wand of roots (6)
Scrolls
 b - a scroll of immolation
 e - 2 scrolls of poison
 f - a scroll of amnesia
 g - 2 scrolls of magic mapping
 h - 2 scrolls of teleportation
 i - 2 scrolls of enchant weapon {unknown}
Potions
 k - a potion of magic


   Skills:
 - Level 2.4 Fighting
 + Level 5.6 Ranged Weapons
 - Level 2.1 Dodging
 - Level 0.7 Stealth


You had 2 spell levels left.
You didn't know any spells.
Your spell library was empty.

Dungeon Overview and Level Annotations

Branches:
Dungeon (2/15)

Altars:

Shops:
D:2 *

Annotations:
D:2 Crazy Yiuf


Innate Abilities, Weirdness & Mutations

You have a pair of horns on your head.
You reflexively headbutt those who attack you in melee.


Message History

You see here a staff of conjuration.
You open the door.
A frilled lizard comes into view.
Found a stone staircase leading down.
You shoot an arrow. The arrow hits the frilled lizard.
You kill the frilled lizard!
There is an open door here.
There is a stone staircase leading down here.
You open the door.
There is an open door here.
Found 5 atropa-tipped darts.
Found a hammer.
Found a runed translucent door.
Crazy Yiuf shouts!
There is an open door here.
You open the door.
There is an open door here.
j - a wand of roots (6)
There is an open door here.
There is an open door here.
Crazy Yiuf shouts!
Crazy Yiuf says, "Spliff water horse!"
Could not explore, unopened runed door.
You open the door. You shoot an arrow. The arrow closely misses Crazy Yiuf.
Crazy Yiuf barely misses you.
You shoot an arrow. The arrow hits Crazy Yiuf.
Crazy Yiuf is lightly wounded.
Crazy Yiuf closely misses you.
You shoot an arrow. The arrow hits Crazy Yiuf!
Crazy Yiuf is heavily wounded.
Crazy Yiuf barely misses you.
Crazy Yiuf hits you with a +4 quarterstaff of chaos!
Crazy Yiuf freezes you.
You shoot an arrow. The arrow closely misses Crazy Yiuf.
Crazy Yiuf hits you with a +4 quarterstaff of chaos!
* * * LOW HITPOINT WARNING * * *
You are too injured to fight recklessly!
You shoot an arrow. The arrow barely misses Crazy Yiuf.
Crazy Yiuf hits you with a +4 quarterstaff of chaos!
You die...

.....### #.#
###......
..).## ###
#.<.....#
...##
####.#.##..#
..## #####
#......##..#
### #)..#
####.......#
#...#
######.##
... #.# #g#
#.# ♣@♣♣ #.#
♣♣.♣ #.# #
♣.♣♣ #.#
#########
♣♣.♣ #.#
...)...|#
♣♣.♣♣
#########.##
#######.#
♣♣...♣
#.......÷...
...####.###
♣....♣
#######.....
..........#
#....#
##...#
....###.#.#
#....####
##.##


You could see Crazy Yiuf.

Vanquished Creatures
  An adder (D:2)
  6 ball pythons
  2 bats (D:1)
  An endoplasm (D:1)
  3 giant cockroaches
  A goblin (D:2)
  3 hobgoblins
  A kobold (D:2)
  2 quokkas (D:2)
  2 frilled lizards (D:2)
  3 rats
25 creatures vanquished.

Notes
Turn   | Place    | Note
-------+----------+-------------------------------------------
     0 | D:1      | Dartaoz the Minotaur Hunter began the quest for the Orb.
     0 | D:1      | Reached XP level 1. HP: 18/18 MP: 0/0
   256 | D:1      | Reached XP level 2. HP: 19/25 MP: 1/1
   448 | D:1      | Reached skill level 5 in Ranged Weapons
   841 | D:2      | Reached XP level 3. HP: 25/30 MP: 2/2
   949 | D:2      | Found Zoeklus's General Store.
   958 | D:2      | Bought a scroll of identify for 26 gold pieces
   958 | D:2      | Bought a scroll of identify for 26 gold pieces
  1405 | D:2      | Found a runed translucent door.
  1406 | D:2      | Noticed Crazy Yiuf
  1490 | D:2      | Slain by Crazy Yiuf

Illustrated notes

Levels and vault maps discovered:
D:1:      dpeg_arrival_shelter, layout_loops_ring, st_stairs_2,
          kennysheep_another_room, grunt_decor_arrowhead
D:2:      layout_loops_corners, serial_shops, nicolae_diamond_shop,
          uniq_crazy_yiuf_cottage

Skill      XL: |  1  2 |
---------------+-------+-----
Ranged Weapons | 5 |  5.6
Fighting       | |  2.4
Dodging        | |  2.1
Stealth        | |  0.7

Action                     || total
---------------------------++-------
   Fire: Shortbow          ||    71
    Use: Scroll            ||     5
 Armour: Leather armour    ||     5
  Dodge: Dodged            ||    19

Table legend: (Time is in decaauts)
 A = Elapsed time spent in this place.
 B = Non-inter-level travel time spent in this place.
 C = Inter-level travel time spent in this place.
 D = Time resting spent in this place.
 E = Time spent auto-exploring this place.
 F = Levels seen in this place.
 G = Mean time per level.
                   A        B        C        D        E       F      G
               +--------+--------+--------+--------+--------+-----+--------+
         Total |   1509 |   1509 |      0 |      0 |   1331 |   2 |  754.5 |
       Dungeon |   1509 |   1509 |      0 |      0 |   1331 |   2 |  754.5 |
               +--------+--------+--------+--------+--------+-----+--------+

Top non-repeatable levels by time:
     D:2: 856 daAuts
     D:1: 653 daAuts
